 Dungeon Crawl Stone Soup version 0.30.0-13-g156ef70053 (webtiles) character file.

Game seed: 8483486030667313654

8 browni3141 the Firebug (level 2, -2/19 HPs)
             Began as a Demonspawn Fire Elementalist on May 17, 2023.
             Slain by a hobgoblin (3 damage)
             ... on level 1 of the Dungeon.
             The game lasted 00:00:32 (263 turns).

browni3141 the Firebug (DsFE)                        Turns: 263, Time: 00:00:33

Health: -2/19      AC:  2    Str:  8    XL:     2   Next: 0%
Magic:  3/5        EV: 12    Int: 16    God:
Gold:   0          SH:  4    Dex: 13    Spells: 4/5 levels left

rFire   . . .        (no weapon)
rCold   . . .        (no shield)
rNeg    . . .        a - +0 robe
rPois   .            (no helmet)
rElec   .            (no cloak)
rCorr   .            (no gloves)
SInv    .            (no boots)
Will    .....        (no amulet)
Stlth   ++           (no ring)
HPRegen 0.23/turn    (no ring)
MPRegen 0.09/turn

%: no passive effects
@: no status effects
A: condensation shield
a: no special abilities


You were on level 1 of the Dungeon.
You visited 1 branch of the dungeon, and saw 1 of its levels.

Inventory:

Armour
 a - a +0 robe (worn)
Potions
 m - a potion of magic


   Skills:
 + Level 1.9 Dodging
 + Level 2.0 Stealth
 + Level 2.1 Spellcasting
 + Level 1.2 Conjurations
 + Level 2.8 Fire Magic


You had 4 spell levels left.
You knew the following spells:

 Your Spells              Type           Power      Damage    Failure   Level
z - Foxfire               Conj/Fire      32%        2x1d5     9%          1

Your spell library contained the following spells:

 Spells                   Type           Power      Damage    Failure   Level
 Scorch                   Fire           20%        2d5       10%         2
 Inner Flame              Hex/Fire       6%         N/A       34%         3
 Volatile Blastmotes      Fire/Tloc      12%        2d11      34%         3
 Flame Wave               Conj/Fire      8%         2d5       65%         4


Dungeon Overview and Level Annotations

Branches:
Dungeon (1/15)

Altars:


Innate Abilities, Weirdness & Mutations

A meltable shield of frost defends you. (SH +4)


Message History

You conjure some foxfire!
The foxfire hits the dart slug.
The dart slug is severely wounded.
The foxfire hits the dart slug.
The dart slug is almost dead.
You start resting.
A hobgoblin is nearby!
Casting: Foxfire (safe; 10% risk of failure)
Press: ? - help, Q - select action Dir - look around, f - activate You conjure some foxfire!
The foxfire hits the dart slug.
You kill the dart slug!
There is a staircase leading out of the dungeon here.
Casting: Foxfire (safe; 10% risk of failure)
Press: ? - help, Q - select action Dir - look around, f - activate You conjure some foxfire!
The foxfire hits the hobgoblin.
The hobgoblin is heavily wounded.
The foxfire hits the hobgoblin.
You kill the hobgoblin!
Magic restored.
You open the door.
There is an open door here.
You open the door.
There is an open door here.
You open the door.
There is an open door here.
There is an open door here.
There is an open door here.
You open the door.
There is an open door here.
You open the door.
There is an open door here.
You open the door.
There is an open door here.
You see here a +0 leather armour.
A hobgoblin and a rat come into view.
The hobgoblin shouts!
There are monsters nearby!
There are monsters nearby!
There are monsters nearby!
There are monsters nearby!
You conjure some foxfire!
You conjure some foxfire!
The foxfire hits the hobgoblin but does no damage.
The foxfire hits the hobgoblin.
The hobgoblin is moderately wounded.
The foxfire hits the hobgoblin but does no damage.
The hobgoblin is moderately wounded.
A hobgoblin comes into view.
You conjure some foxfire!
The hobgoblin shouts!
Your foxfire dissipates!
The foxfire hits the hobgoblin.
You kill the hobgoblin!
Your Stealth skill increases to level 2!
You have reached level 2!
Your demonic ancestry asserts itself...
Frost condenses into a shield before you.
You are out of magic!
You are out of magic!
You are out of magic!
You are out of magic!
The rat barely misses you. The rat barely misses you.
You block the hobgoblin's attack. The rat barely misses you.
The hobgoblin barely misses you. The rat bites you.
The hobgoblin barely misses you. The rat bites you. The hobgoblin misses you.
You block the rat's attack. The hobgoblin barely misses you.
You block the rat's attack. The hobgoblin closely misses you.
The rat barely misses you. The hobgoblin hits you. The rat barely misses you.
You block the hobgoblin's attack. You block the rat's attack.
The hobgoblin hits you. The rat bites you. The hobgoblin hits you.
The rat misses you. The hobgoblin closely misses you.
The rat closely misses you. The hobgoblin closely misses you.
The rat misses you. The hobgoblin closely misses you.
You block the rat's attack. The hobgoblin barely misses you.
The rat bites you but does no damage. The hobgoblin completely misses you.
The rat misses you. The hobgoblin hits you. The rat misses you.
The hobgoblin hits you.
* * * LOW HITPOINT WARNING * * *
You block the rat's attack. You block the hobgoblin's attack.
The rat barely misses you.
The hobgoblin hits you but does no damage.
The rat misses you. You block the hobgoblin's attack.
The rat bites you but does no damage. The hobgoblin barely misses you.
The rat barely misses you. The hobgoblin closely misses you.
You block the rat's attack. The hobgoblin hits you.
* * * LOW HITPOINT WARNING * * *
The rat misses you. The hobgoblin hits you.
* * * LOW HITPOINT WARNING * * *
The rat barely misses you. The hobgoblin barely misses you.
The rat closely misses you. The hobgoblin barely misses you. The rat bites you.
* * * LOW HITPOINT WARNING * * *
The hobgoblin hits you.
* * * LOW HITPOINT WARNING * * *
The rat misses you. The hobgoblin hits you.
You die...

.# ###..# ###.....
#####...# ##.....#
################rg#####
................@##
.#################
[......# ###..#.#
##.#§### ##.##gv###
##...##...#
##..†..###.##
'...<...+##.####


You could see a hobgoblin and a rat.

Vanquished Creatures
  2 dart slugs (D:1)
  2 hobgoblins (D:1)
4 creatures vanquished.

Vanquished Creatures (others)
  16 foxfires (D:1)
16 creatures vanquished.

Grand Total: 20 creatures vanquished

Notes
Turn   | Place    | Note
-------+----------+-------------------------------------------
     0 | D:1      | browni3141 the Demonspawn Fire Elementalist began the quest
                  | for the Orb.
     0 | D:1      | Reached XP level 1. HP: 13/13 MP: 3/3
   229 | D:1      | Gained mutation: A meltable shield of frost defends you.
                  | (SH +4) [demonic ancestry]
   229 | D:1      | Reached XP level 2. HP: 19/19 MP: 0/5
   263 | D:1      | Slain by a hobgoblin

Illustrated notes

Levels and vault maps discovered:
D:1:      dpeg_arrival_rhombi, layout_rooms, ebering_ecumenical_altar_abandoned

Skill      XL: |  1 |
---------------+----+-----
Stealth        | 2 |  2.0
Dodging        | |  1.9
Spellcasting   | |  2.1
Conjurations   | |  1.2
Fire Magic     | |  2.8

Action                     || total
---------------------------++-------
  Melee: Unarmed           ||     2
   Cast: Foxfire           ||    10
 Armour: Robe              ||     3
  Dodge: Dodged            ||    33
  Block: Other             ||    10
